 Dungeon Crawl Stone Soup version 0.30.0-16-gbe6223bb7e (webtiles) character file.

Game seed: 16541761737152753069

58 Twinkles the Ducker (level 3, -3/28 HPs)
             Began as a Vampire Warper on May 21, 2023.
             Slain by a worm (5 damage)
             ... on level 2 of the Dungeon.
             The game lasted 00:02:47 (1331 turns).

Twinkles the Ducker (Vampire Warper)                Turns: 1331, Time: 00:02:47

Health: -3/28      AC:  3    Str: 10    XL:     3   Next: 75%
Magic:  6/6        EV: 12    Int: 15    God:
Gold:   83         SH:  0    Dex: 15    Spells: 2/6 levels left

rFire   + . .        a - +0 short sword
rCold   + . .        (no shield)
rNeg    . . .        b - +0 leather armour
rPois   .            (no helmet)
rElec   .            j - scarf {rC+ rF+}
rCorr   .            (no gloves)
SInv    +            (no boots)
Will    .....        (no amulet)
Stlth   +            (no ring)
HPRegen 0.44/turn    (no ring)
MPRegen 0.10/turn

%: no passive effects
@: lethally poisoned (-3 -> -4), healing quickly
A: alive, fangs 3, see invisible, vampiric 2
a: Exsanguinate


You were on level 2 of the Dungeon.
You visited 1 branch of the dungeon, and saw 4 of its levels.

You collected 83 gold pieces.

Inventory:

Hand Weapons
 a - a +0 short sword (weapon)
Missiles
 d - 7 boomerangs of dispersal (quivered)
 h - 4 poisoned darts
Armour
 b - a +0 leather armour (worn)
 j - a scarf of resistance (worn)
Scrolls
 c - 5 scrolls of identify {unknown}
 i - 3 scrolls of magic mapping {unknown}
 D - 2 scrolls of blinking
Potions
 e - a potion of attraction {unknown}
 f - a potion of lignification {unknown}
 g - a potion of flight {unknown}


   Skills:
 + Level 2.6 Fighting
 + Level 3.1 Short Blades
 - Level 0.7 Throwing
 - Level 0.7 Armour
 + Level 3.2 Dodging
 - Level 2.0 Spellcasting
 - Level 2.4 Translocations


You had 2 spell levels left.
You knew the following spells:

 Your Spells              Type           Power      Damage    Failure   Level
a - Blink                 Tloc           16%        N/A       17%         2
b - Lesser Beckoning      Tloc           16%        N/A       17%         2

Your spell library contained the following spells:

 Spells                   Type           Power      Damage    Failure   Level
 Teleport Other           Tloc           8%         N/A       34%         3
 Vhi's Electric Charge    Tloc/Air       10%        N/A       50%         3
 Ozocubu's Armour         Ice            1%         N/A       65%         3
 Manifold Assault         Tloc           8%         N/A       75%         4
 Ozocubu's Refrigeration  Ice            0%         4d7       100%        7


Dungeon Overview and Level Annotations

Branches:
Dungeon (4/15) Zot: 22692
 Temple: D:4-7

Altars:


Innate Abilities, Weirdness & Mutations

Your natural rate of healing is accelerated.
You have razor-sharp teeth.
You have supernaturally acute eyesight. (SInv)
You are afflicted with vampirism and can become a bat while bloodless.


Message History

The worm is heavily wounded.
The worm bites you but does no damage.
You barely miss the worm.
The worm is heavily wounded.
The worm misses you.
You hit the worm.
The worm is heavily wounded.
You hit the worm. Your punch misses the worm.
The worm is severely wounded.
The adder barely misses you.
You hit the worm.
The worm is severely wounded.
The adder barely misses you. The worm bites you! The adder misses you.
You barely miss the worm.
The worm is severely wounded.
The adder bites you but does no damage. The worm bites you.
* * * LOW HITPOINT WARNING * * *
You hit the worm.
The worm is severely wounded.
The adder bites you.
* * * LOW HITPOINT WARNING * * *
You are poisoned.
The adder poisons you!
You hit the worm but do no damage.
The worm is severely wounded.
* * * LOW HITPOINT WARNING * * *
You feel sick. The adder bites you.
* * * LOW HITPOINT WARNING * * *
You hit the worm but do no damage. Your bite misses the worm.
The worm is severely wounded.
The adder bites you but does no damage. The worm bites you but does no damage.
You barely miss the worm.
The worm is severely wounded.
* * * LOW HITPOINT WARNING * * *
You feel sick. The adder closely misses you.
You hit the worm but do no damage.
The worm is severely wounded.
* * * LOW HITPOINT WARNING * * *
You feel sick. The adder closely misses you. The worm bites you.
You die...

# #.......# #
#..#.##.# #
#..#.##.# #
#.......####### #
##.#.##.......# #
#.......## #.#
.### ###.###.#
#.# .....
#.###.####.#....#
#......(.S@w....#
#####.####.###..#
#.# #.# #.# #.#
#.# #.# #.. ..#
#.# ### ### #.#
#### #.# ..# ##.#
#. #.# ##..#


You could see a worm and an adder.

Vanquished Creatures
  3 adders
  2 dart slugs
  4 endoplasms
  2 giant cockroaches (D:1)
  A hobgoblin (D:4)
  A quokka (D:1)
  A ball python (D:1)
  5 bats
  4 frilled lizards
  3 goblins
  3 kobolds
  2 rats (D:1)
31 creatures vanquished.

Notes
Turn   | Place    | Note
-------+----------+-------------------------------------------
     0 | D:1      | Twinkles the Vampire Warper began the quest for the Orb.
     0 | D:1      | Reached XP level 1. HP: 16/16 MP: 3/3
   295 | D:1      | Reached XP level 2. HP: 19/22 MP: 5/5
   703 | D:2      | Gained mutation: You are afflicted with vampirism and can
                  | become a bat while bloodless. [Vampire growth]
   703 | D:2      | Reached XP level 3. HP: 13/28 MP: 6/6
  1017 | D:2      | You fall into a shaft and drop 2 floors!
  1225 | D:2      | Identified the +0 scale mail of the Lobster {Int+3}
  1243 | D:2      | Learned a level 2 spell: Blink
  1246 | D:2      | Learned a level 2 spell: Lesser Beckoning
  1326 | D:2      | HP: 8/28 [worm (4)]
  1328 | D:2      | HP: 3/28 [adder (1)]
  1331 | D:2      | Slain by a worm

Illustrated notes

Levels and vault maps discovered:
D:1:      shiori_arrival_elements, layout_basic, solitary_fountain
D:2:      layout_loops_corners, kennysheep_generic_room_3
D:3:      layout_loops_cross
D:4:      layout_rooms, minmay_crystal_water, serial_bayou_lake_a

Skill      XL: |  1  2  3 |
---------------+----------+-----
Fighting       | 2 |  2.6
Dodging        | 3 |  3.2
Short Blades   | 3 |  3.1
Throwing       | |  0.7
Armour         | |  0.7
Spellcasting   | |  2.0
Translocations | |  2.4

Action                     || total
---------------------------++-------
  Melee: Short sword       ||   185
         Bite              ||    13
         Punch             ||     1
   Stab: Sleeping          ||     1
 Armour: Leather armour    ||    52
  Dodge: Dodged            ||   109
